 Dungeon Crawl Stone Soup version 0.28.0 (webtiles) character file.

Game seed: 8965870383593037447

79 browni3141 the Chopper (level 4, -1/61 HPs)
             Began as a Minotaur Berserker on Feb 17, 2022.
             Was a Believer of Trog.
             Slain by an orc priest (2 damage)
             ... on level 3 of the Dungeon.
             The game lasted 00:00:59 (2190 turns).

browni3141 the Chopper (Minotaur Berserker)         Turns: 2190, Time: 00:00:59

Health: -1/61      AC: 12    Str: 24    XL:     4   Next: 16%
Magic:  3/3        EV: 10    Int:  4    God:    Trog [**....]
Gold:   101        SH:  0    Dex:  9    Spells: 3/3 levels left

rFire   . . .      SeeInvis .   a - +0 hand axe
rCold   . . .      Faith    .   (no shield)
rNeg    . . .      Spirit   .   f - +0 scale mail
rPois   .          Reflect  .   (helmet restricted)
rElec   .          Harm     .   (no cloak)
rCorr   .          Rampage  .   h - +0 pair of gloves
Will    ++...                   (no boots)
Stlth   ..........              (no amulet)
HPRegen 1.20/turn               O - +4 ring of protection
MPRegen 0.08/turn               (no ring)

@: berserking, strong-willed, regenerating, very quick
A: horns 2, retaliatory headbutt
a: Renounce Religion, Berserk, Trog's Hand


You were on level 3 of the Dungeon.
You worshipped Trog.
Trog was pleased with you.
You visited 1 branch of the dungeon, and saw 3 of its levels.

You collected 101 gold pieces.


Innate Abilities, Weirdness & Mutations

You have a pair of horns on your head.
You reflexively headbutt those who attack you in melee.


   Skills:
 + Level 4.3 Fighting
 * Level 5.0 Axes
 + Level 3.3 Armour
 - Level 2.1 Dodging


You had 3 spell levels left.
You didn't know any spells.
Your spell library was empty.

Inventory:

Hand Weapons
 a - a +0 hand axe (weapon)
Armour
 b - a +0 animal skin
 f - a +0 scale mail (worn)
 h - a +0 pair of gloves (worn)
Jewellery
 O - a +4 ring of protection (left hand)
Scrolls
 c - a scroll of enchant armour {unknown}
 i - a scroll of teleportation {unknown}
 j - 2 scrolls of identify {unknown}
 k - a scroll of fear {unknown}
 l - a scroll of immolation {unknown}
Potions
 d - 2 potions of curing {unknown}
 e - 2 potions of degeneration {unknown}
 g - a potion of resistance {unknown}

Dungeon Overview and Level Annotations

Branches:
Dungeon (3/15)

Altars:
Trog

############ .
...........# # ...
##.#####...###.#
....# #o#####.......#
......#@..)......####
......o.¦¦¦¦¦.†...#
....¦¦¦¦¦ ..¦¦¦¦¦.#
## ?.....'.#
..¦¦¦¦¦.# ¦¦¦¦¦)....#
..........#
##......##
#.....########


You could see an orc priest and an orc.


Message History

Beogh smites you!
You are too confused!
Unknown command.
You are too confused!
You are too confused!
You completely miss something. You miss the orc. Something hits you.
* * * LOW HITPOINT WARNING * * *
The orc hits you with a +0 flail.
* * * LOW HITPOINT WARNING * * *
You closely miss the orc. Your headbutt misses the orc.
The orc is lightly wounded.
You closely miss something. You barely miss the orc priest.
You feel less confused. Something hits you.
* * * LOW HITPOINT WARNING * * *
The orc barely misses you.
The orc priest invokes the aid of Beogh against you.
Beogh smites you!
* * * LOW HITPOINT WARNING * * *
Your skin crawls.
You feel strong-willed. Something hits you but does no damage.
The orc hits you but does no damage. The orc priest barely misses you.
You furiously retaliate!
You headbutt the orc priest!
A red film seems to cover your vision as you go berserk!
You feel yourself moving faster!
You feel mighty! Something hits you but does no damage.
The orc hits you with a +0 flail.
* * * LOW HITPOINT WARNING * * *
The orc priest hits you with a +0 club.
You die...

Skill      XL: |  1  2  3 |
---------------+----------+-----
Axes           | 4 5 |  5.0
Fighting       | 4 |  4.3
Armour         | 3 |  3.3
Dodging        | |  2.1

Action                   |  1- 3 |  4- 6 || total
-------------------------+-------+-------++-------
Melee: Hand axe          |    70 |    13 ||    83
       Headbutt          |    13 |     2 ||    15
       Punch             |     1 |     1 ||     2
Invok: Berserk           |     1 |     1 ||     2
       Trog's Hand       |       |     1 ||     1
Armor: Animal skin       |     8 |       ||     8
       Scale mail        |    22 |     7 ||    29
Dodge: Dodged            |    51 |    11 ||    62

Levels and vault maps discovered:
D:1:      doesnt_arrival_eight_statues, layout_basic,
          hellmonk_ecumenical_altar_crossroads, minmay_tall_x
D:2:      layout_loops_ring
D:3:      layout_basic, mainiacjoe_overflow_alcove_2,
          mainiacjoe_overflow_surrounded_room, mainiacjoe_overflow_swirl,
          lemuel_zombie_altar_kikubaaqudgha

Notes
Turn   | Place    | Note
-------+----------+-------------------------------------------
     0 | D:1      | browni3141 the Minotaur Berserker began the quest for the
                  | Orb.
     0 | D:1      | Reached XP level 1. HP: 19/19 MP: 0/0
    78 | D:1      | HP: 3/30 [frozen (1)]
    80 | D:1      | Reached skill level 4 in Axes
    81 | D:1      | Reached XP level 2. HP: 3/27 MP: 1/1
   389 | D:1      | Found a faded altar of an unknown god.
   623 | D:1      | Reached skill level 4 in Fighting
  1061 | D:1      | Reached skill level 3 in Armour
  1061 | D:1      | Reached XP level 3. HP: 33/33 MP: 2/2
  1280 | D:2      | Reached ** piety under Trog
  2134 | D:3      | Reached skill level 5 in Axes
  2134 | D:3      | Reached XP level 4. HP: 41/41 MP: 3/3
  2141 | D:3      | Found a bloodstained altar of Trog.
  2188 | D:3      | HP: 1/41 [orc priest/divine providence (11)]
  2190 | D:3      | Slain by an orc priest

Vanquished Creatures
  2 adders
  A worm (D:2)
  2 orcs
  4 bats
  8 endoplasms
  2 giant cockroaches
  8 goblins
  4 hobgoblins
  4 jackals (D:1)
  2 kobolds
  A quokka (D:3)
  7 ball pythons
  A frilled lizard (D:3)
  3 rats
49 creatures vanquished.

Table legend: (Time is in decaauts)
 A = Elapsed time spent in this place.
 B = Non-inter-level travel time spent in this place.
 C = Inter-level travel time spent in this place.
 D = Time resting spent in this place.
 E = Time spent auto-exploring this place.
 F = Levels seen in this place.
 G = Mean time per level.
                   A        B        C        D        E       F      G
               +--------+--------+--------+--------+--------+-----+--------+
         Total |   2202 |   2078 |    124 |    277 |   1482 |   3 |  734.0 |
       Dungeon |   2202 |   2078 |    124 |    277 |   1482 |   3 |  734.0 |
               +--------+--------+--------+--------+--------+-----+--------+

Top non-repeatable levels by time:
     D:1: 1284 daAuts
     D:2: 725 daAuts
     D:3: 191 daAuts

Table legend:
 A = Non-vault XP
 B = Vault XP
 C = Vault XP percentage of total XP
 D = Non-vault monster count
 E = Vault monster count
 F = Vault count percentage of total count
                 A         B        C        D         E       F
            +---------+---------+-------+---------+---------+-------
      Total |     107 |       6 |   5.3 |      45 |       4 |   8.2
            +---------+---------+-------+---------+---------+-------
        D:1 |      35 |       6 |  14.6 |      19 |       4 |  17.4
        D:2 |      46 |       0 |   0.0 |      18 |       0 |   0.0
        D:3 |      26 |       0 |   0.0 |       8 |       0 |   0.0
            +---------+---------+-------+---------+---------+-------
